AoeStats
← Jack Sparrow

African Clearing

510348344Analyzed
4v4 RM · 18h ago on Sep 30, 2026· 49m 33s· 8 players
Game mode
Random Map
Map size
Large (8 player)
Population
200
Speed
Normal
Resources
Standard
Victory
Conquest
Starting age
Dark Age
Ending age
Imperial Age
RankedLock teamsTeams togetherTeam positionsShared explorationLock speedFull tech treeHidden civsTurbo modeCheats
Victory
Defeat
🇵🇪 Saracens · Peru
1120
+14
1078
+16
🇨🇦 Varangians · Canada
1049
+17
🇹🇷 Celts · Türkiye
1047
+17
🇷🇺 Italians · Russia
1111
-18
1076
-16
1057
-15
🇷🇺 Persians · Russia
1050
-15
tboss
4:34 Loom
15:44 Feudal Age
16:28 Double-Bit Axe
19:38 Castle Age
19:06 Town Watch
19:03 Horse Collar
20:40 Bow Saw
20:32 Heavy Plow
21:10 Wheelbarrow
25:27 Hand Cart
25:23 Town Patrol
26:12 Murder Holes
30:37 Bloodlines
30:27 Husbandry
31:17 Scale Barding Armor
31:54 Gold Mining
32:47 Ballistics
35:23 Imperial Age
32:52 Stone Mining
33:26 Chain Barding Armor
34:16 Forging
34:39 Stone Mining
35:47 Iron Casting
35:34 Elite Jarl
37:13 Crop Rotation
37:46 Conscription
38:48 Town Patrol
39:34 Plate Barding Armor
40:54 Blast Furnace
41:08 Fletching
42:46 Chemistry
43:44 Two-Man Saw
44:28 Bodkin Arrow
DR GUS GLITTERGELPEN BILDORDER Ⅷ
4:31 Loom
13:01 Feudal Age
13:31 Double-Bit Axe
16:26 Town Watch
17:48 Bloodlines
19:06 Wheelbarrow
20:09 Fishing Lines
21:08 Forging
25:18 Castle Age
25:21 Scale Barding Armor
26:23 Chain Barding Armor
26:39 Iron Casting
26:22 Bow Saw
26:40 Gillnets
27:24 Fletching
27:00 Light Cavalry
30:44 Padded Archer Armor
31:28 Bodkin Arrow
32:30 Leather Archer Armor
33:19 Thumb Ring
34:48 Ballistics
34:43 Marauders
35:20 Masonry
34:44 Elite Skirmisher
38:30 Imperial Age
38:43 Imperial Age
36:02 Horse Collar
39:19 Elite Tarkan
41:19 Plate Barding Armor
42:20 Blast Furnace
43:57 Bracer
47:41 Husbandry
49:17 Conscription
Light
6:00 Loom
13:32 Feudal Age
19:05 Castle Age
17:27 Double-Bit Axe
19:35 Bloodlines
22:06 Forging
22:55 Scale Barding Armor
23:19 Town Watch
24:47 Bow Saw
25:24 Chain Barding Armor
31:21 Imperial Age
28:49 Horse Collar
30:36 Heavy Plow
30:49 Husbandry
30:43 Gold Mining
33:11 Chemistry
34:17 Gold Shaft Mining
34:13 Padded Archer Armor
37:01 Wheelbarrow
37:15 Leather Archer Armor
37:55 Ballistics
39:18 Hand Cart
40:00 Ring Archer Armor
38:50 Elite Skirmisher
44:38 Conscription
47:32 Two-Man Saw
46:41 Town Patrol
49:42 Squires
49:30 Gambesons
Jack Sparrow
4:09 Loom
17:07 Feudal Age
21:28 Castle Age
19:17 Double-Bit Axe
23:46 Scale Mail Armor
23:56 Forging
26:03 Wheelbarrow
29:51 Stone Mining
29:53 Gold Mining
30:16 Bow Saw
29:48 Horse Collar
31:09 Fletching
35:47 Stone Shaft Mining
35:51 Gold Shaft Mining
39:19 Imperial Age
37:12 Hand Cart
36:42 Town Watch
38:43 Iron Casting
38:23 Chain Mail Armor
41:14 Blast Furnace
39:37 Elite Woad Raider
40:11 Stronghold
40:44 Conscription
40:36 Heavy Plow
40:22 Capped Ram
42:37 Plate Mail Armor
42:05 Bodkin Arrow
43:02 Siege Ram
43:54 Gambesons
44:03 Gambesons
Водитель по губам
17:29 Feudal Age
18:11 Double-Bit Axe
21:03 Castle Age
19:03 Horse Collar
21:36 Loom
23:00 Heavy Plow
23:13 Bow Saw
24:21 Wheelbarrow
24:13 Gold Mining
25:48 Pikeman
27:54 Forging
27:44 Scale Mail Armor
27:50 Stone Mining
29:05 Squires
29:19 Eagle Warrior
31:15 Iron Casting
30:56 Chain Mail Armor
32:42 Gold Shaft Mining
33:14 Chain Mail Armor
35:03 Hand Cart
41:04 Imperial Age
40:17 Atlatl
41:00 Stone Shaft Mining
40:23 Arson
40:38 Squires
40:49 Fletching
41:08 Elite Eagle Warrior
42:46 Bodkin Arrow
43:24 Plate Mail Armor
44:46 Crop Rotation
47:07 Elite Skirmisher
50:54 Blast Furnace
Хорус_Лубрикант
13:12 Loom
15:28 Feudal Age
19:36 Castle Age
17:26 Double-Bit Axe
17:42 Horse Collar
20:48 Bow Saw
21:18 Heavy Plow
22:29 Squires
23:06 Forging
25:25 Gambesons
27:06 Man-at-Arms
30:25 Wheelbarrow
30:55 Pikeman
33:15 Iron Casting
33:40 Long Swordsman
35:52 Gold Mining
37:22 Scale Mail Armor
38:12 Hand Cart
39:41 Gold Shaft Mining
41:58 Imperial Age
42:18 Imperial Age
42:28 Two-Handed Swordsman
42:30 Halberdier
45:13 Chain Mail Armor
TheAnatoly
13:27 Feudal Age
13:59 Double-Bit Axe
14:51 Wheelbarrow
14:27 Horse Collar
14:49 Loom
17:02 Horse Collar
19:46 Castle Age
20:52 Hand Cart
20:15 Crossbowman
21:15 Bow Saw
21:08 Heavy Plow
21:20 Padded Archer Armor
21:23 Gold Mining
22:34 Hand Cart
23:52 Fletching
25:59 Stone Mining
26:41 Bodkin Arrow
28:52 Leather Archer Armor
29:37 Town Watch
34:48 Imperial Age
32:50 Thumb Ring
36:53 Conscription
37:39 Hand Cart
38:11 Bracer
39:44 Elite Genoese Crossbowman
42:22 Chemistry
41:44 Murder Holes
42:41 Ring Archer Armor
✠Templar✠
4:55 Loom
15:33 Feudal Age
20:20 Castle Age
19:41 Double-Bit Axe
19:38 Horse Collar
23:11 Fletching
23:17 Gold Mining
23:17 Stone Mining
24:47 Bow Saw
26:59 Loom
31:20 Wheelbarrow
31:11 Heavy Plow
31:49 Padded Archer Armor
32:56 Kamandaran
33:57 Bodkin Arrow
34:17 Leather Archer Armor
34:01 Crossbowman
40:58 Imperial Age
39:45 Hand Cart
40:05 Thumb Ring
41:23 Husbandry
41:35 Bloodlines
42:28 Chemistry
41:49 Ballistics
42:52 Two-Man Saw
42:38 Ring Archer Armor
45:47 Conscription
46:28 Scale Barding Armor
46:33 Forging
48:21 Chain Barding Armor
Connection lost

Rejoining the realm…

Still unreachable

The connection could not be restored.

Session expired

The server has moved on; the page needs a fresh start.